 Dungeon Crawl Stone Soup version 0.27.1-33-g824d729ab1 (webtiles) character file.

Game seed: 10643736880492120021

15696 miilacz the Brawler (level 12, -3/109 HPs)
             Began as a Troll Monk on Dec 17, 2021.
             Was the Champion of Trog.
             Slain by a tengu warrior (19 damage)
             ... led by a tengu warrior
             ... on level 13 of the Dungeon.
             The game lasted 00:43:20 (10853 turns).

miilacz the Brawler (Troll Monk)                   Turns: 10853, Time: 00:43:20

Health: -3/109     AC: 10    Str: 25    XL:     12   Next: 3%
Magic:  11/11      EV: 15    Int:  6    God:    Trog [******]
Gold:   733        SH:  5    Dex: 13    Spells: 11/11 levels left

rFire    . . .     SeeInvis .     - Unarmed
rCold    . . .     Faith    .   (no shield)
rNeg     . . .     Spirit   .   z - +2 troll leather armour
rPois    .         Reflect  +   (helmet restricted)
rElec    .         Harm     .   h - +0 cloak
rCorr    +         Rampage  .   (gloves unavailable)
Will     .....                  (boots unavailable)
Stlth    +.........             y - amulet of reflection
HPRegen  2.28/turn              e - +4 ring of evasion
MPRegen  0.12/turn              s - ring of resist corrosion

@: on berserk cooldown, slowed, studying Staves, very slow
A: large, unfitting armour, claws 3, regeneration 1, shaggy fur 1, tough skin 1
a: Renounce Religion, Berserk, Trog's Hand, Brothers in Arms


You were on level 13 of the Dungeon.
You worshipped Trog.
Trog was exalted by your worship.
You visited 2 branches of the dungeon, and saw 14 of its levels.

You collected 965 gold pieces.
You spent 232 gold pieces at shops.

Inventory:

Missiles
 t - 5 throwing nets (quivered)
Armour
 h - a +0 cloak (worn)
 z - a +2 troll leather armour (worn)
 C - +0 storm dragon scales
Jewellery
 a - a ring of magical power
 e - a +4 ring of evasion (left claw)
 s - a ring of resist corrosion (right claw)
 y - an amulet of reflection (around neck)
 E - an amulet of guardian spirit
Wands
 f - a wand of digging (6)
 l - a wand of polymorph (6)
 n - a wand of flame (53)
 u - a wand of paralysis (9)
Scrolls
 d - 5 scrolls of teleportation
 i - 2 scrolls of silence {unknown}
 k - 3 scrolls of blinking {unknown}
 o - a scroll of acquirement {unknown}
 A - 2 scrolls of fog
Potions
 b - 4 potions of mutation
 c - 5 potions of heal wounds
 g - a potion of magic {unknown}
 j - 4 potions of curing
 m - 2 potions of brilliance
 p - 4 potions of flight
 q - a potion of lignification {unknown}
 r - a potion of attraction {unknown}
 v - a potion of haste {unknown}
 w - a potion of berserk rage {unknown}
 x - 3 potions of degeneration
 B - a potion of ambrosia {unknown}
 D - a potion of resistance {unknown}


   Skills:
 + Level 4.6 Fighting
 * Level 5.7 Armour
 - Level 4.9 Dodging
 - Level 1.0 Stealth
 - Level 0.6 Shields
 + Level 16.3 Unarmed Combat


You had 11 spell levels left.
You didn't know any spells.
Your spell library was empty.

Dungeon Overview and Level Annotations

Branches:
Dungeon (13/15)            Temple (0/1) D:5            Lair (0/6) D:8
    Orc (1/2) D:10
 Vaults: D:13-14

Altars:
Ashenzari
Cheibriados
Dithmenos
Elyvilon
Fedhas
Gozag
Hepliaklqana
Kikubaaqudgha
Okawaru
Sif Muna
Trog
Xom
Zin
The Shining One
Beogh

Shops:
D:4 [(   D:5 *   D:7 (

Annotations:
D:3 1 runed translucent door, unrecovered's ghost, amateur TrMo
D:12 3 runed translucent doors, miilacz's ghost, journeyman TrMo


Innate Abilities, Weirdness & Mutations

You are too large for most types of armour.
You have claws for hands.
Your natural rate of healing is unusually fast.
You are covered in fur. (AC +1)
You have tough skin. (AC +1)


Message History

The tengu warrior hits you with a +1 war axe!
The tengu warrior pecks you but does no damage.
You block the tengu warrior's attack.
You miss the tengu warrior.
You feel very sick.
You feel very sick.
The tengu warrior unwields a +3 bardiche of venom.
It stops dripping with poison.
The tengu warrior wields a +0 longbow.
The tengu warrior shoots an arrow.
The arrow hits you!!
* * * LOW HITPOINT WARNING * * *
You feel a strong urge to attack something.
You feel very sick.
You feel very sick.
The tengu warrior shoots an arrow.
You reflect the arrow off an invisible shield around you!
The arrow hits the tengu warrior!
You feel your anger nearly subside.
You are no longer berserk.
You are exhausted.
You feel yourself slow down.
You feel very sick.
You feel very sick.
As you read the scroll of fog, it crumbles to dust.
The scroll dissolves into smoke.
You feel very sick.
The tengu warrior hits you with a +1 war axe.
* * * LOW HITPOINT WARNING * * *
The tengu warrior pecks you but does no damage.
You block the tengu warrior's attack.
You feel very sick. You block the tengu warrior's attack.
The tengu warrior pecks you but does no damage.
The tengu warrior barely misses you.
You feel better.
The tengu warrior shoots an arrow.
The arrow misses you.
The tengu warrior hits you with a +1 war axe!
* * * LOW HITPOINT WARNING * * *
The tengu warrior barely misses you. x2; The tengu warrior shoots an arrow.
The arrow closely misses you.
The tengu warrior hits you with a +1 war axe!!
You die...

###.# #...# .. # ...# #...
#.. ..# #..# # #...##+.#
#..#.#
#......y##########.##.####
#.......Q.§§Q§§§..........
#.........§§#§Q§..........
####......§§+§§@§.........
#........#§§§§.<.......
#........#..§§.........
#........#....#######..
#........#....#
#........#....# #....#
#....# #.....


You could see a tengu warrior.

Vanquished Creatures
  A hydra (D:12)
  Harold (D:9)
  2 boulder beetles
  A two-headed ogre (D:12)
  A cyclops (D:12)
  An ugly thing (D:11)
  A guardian serpent (D:12)
  A gargoyle (D:12)
  Maggie (D:10)
  Psyche (D:8)
  An unseen horror (D:12)
  A komodo dragon (D:8)
  3 trolls
  A hornet (D:9)
  Grinder (D:6)
  Prince Ribbit (D:8)
  6 slime creatures (D:12)
  A vampire (D:10)
  A shadow (D:12)
  Sigmund (D:2)
  3 wraiths
  4 yaks (D:11)
  Grum (D:9)
  2 basilisks (D:12)
  3 vampire mosquitoes (D:10)
  A water moccasin (D:5)
  A sky beast (D:8)
  4 black bears
  2 ice beasts (D:5)
  A hornet zombie (D:6)
  A necrophage (D:5)
  4 orc warriors (D:10)
  2 ogres
  2 wolves (D:9)
  4 centaurs (D:11)
  5 kobold brigands
  2 bullfrogs
  4 scorpions (D:5)
  11 killer bees
  3 howler monkeys
  7 centaur zombies
  A bullfrog skeleton (D:3)
  3 hounds
  2 jellies
  5 orc priests
  Crazy Yiuf (D:7)
  A centaur skeleton (D:6)
  A gnoll shaman (D:7)
  3 iguanas
  4 orc wizards
  A killer bee zombie (D:7)
  2 hound skeletons (D:5)
  3 howler monkey zombies
  11 gnolls
  4 adders
  An adder skeleton (D:4)
  An adder zombie (D:5)
  3 worms
  The ghost of Descartes the Sneak, a weakling TrDe (D:5)
  3 dart slugs
  43 orcs
  9 endoplasms
  4 giant cockroaches
  8 goblins
  6 hobgoblins
  2 jackals (D:4)
  37 kobolds
  7 quokkas
  4 ball pythons
  6 bats
  15 frilled lizards
  7 rats
294 creatures vanquished.

Vanquished Creatures (others)
  An orc (D:6)
  27 plants
28 creatures vanquished.

Grand Total: 322 creatures vanquished

Notes
Turn   | Place    | Note
-------+----------+-------------------------------------------
     0 | D:1      | miilacz the Troll Monk began the quest for the Orb.
     0 | D:1      | Reached XP level 1. HP: 22/22 MP: 0/0
     8 | D:1      | Found a faded altar of an unknown god.
    14 | D:1      | Became a worshipper of Trog the Wrathful
    14 | D:1      | Reached * piety under Trog
    14 | D:1      | Reached ** piety under Trog
    42 | D:1      | Reached *** piety under Trog
    45 | D:1      | Reached XP level 2. HP: 21/29 MP: 1/1
   371 | D:1      | Reached skill level 4 in Unarmed Combat
   423 | D:1      | Reached XP level 3. HP: 36/36 MP: 2/2
   629 | D:2      | Noticed Sigmund
   940 | D:2      | Reached **** piety under Trog
  1006 | D:2      | Reached XP level 4. HP: 44/44 MP: 3/3
  1107 | D:2      | Reached skill level 5 in Unarmed Combat
  1324 | D:2      | Killed Sigmund
  1325 | D:2      | Reached skill level 6 in Unarmed Combat
  1325 | D:2      | Reached XP level 5. HP: 50/50 MP: 4/4
  1437 | D:3      | Found a runed translucent door.
  1440 | D:3      | Noticed unrecovered's ghost (amateur TrMo)
  1508 | D:3      | Reached XP level 6. HP: 59/59 MP: 5/5
  1654 | D:3      | Reached skill level 7 in Unarmed Combat
  2067 | D:4      | Found an opulent altar of Gozag.
  2070 | D:4      | Found a snail-covered altar of Cheibriados.
  2163 | D:4      | Found Fuson's Armour Boutique.
  2167 | D:4      | Bought a +0 pair of boots for 45 gold pieces
  2281 | D:4      | Reached skill level 8 in Unarmed Combat
  2281 | D:4      | Reached XP level 7. HP: 64/66 MP: 6/6
  2283 | D:4      | Found Ufrumuf's Weapon Boutique.
  2535 | D:4      | Found a blossoming altar of Fedhas.
  2887 | D:5      | Entered Level 5 of the Dungeon
  2993 | D:5      | Found a staircase to the Ecumenical Temple.
  3094 | D:5      | Found Lyevvum's General Store.
  3102 | D:5      | Bought a scroll of enchant armour for 97 gold pieces
  3132 | D:5      | Reached skill level 9 in Unarmed Combat
  3152 | D:5      | Reached XP level 8. HP: 65/74 MP: 7/7
  3162 | D:5      | Reached skill level 10 in Unarmed Combat
  3314 | D:5      | Found a runed translucent door.
  3343 | D:5      | Noticed Descartes's ghost (weakling TrDe)
  3357 | D:5      | Killed Descartes's ghost
  3483 | D:5      | Found a shadowy altar of Dithmenos.
  3503 | D:5      | Reached ***** piety under Trog
  3867 | D:6      | Found a bloodstained altar of Trog.
  3882 | D:6      | Found Zin's Purification Station.
  3886 | D:6      | Found a glowing silver altar of Zin.
  3893 | D:6      | Bought a potion of curing for 90 gold pieces
  3947 | D:6      | Reached skill level 11 in Unarmed Combat
  4059 | D:6      | Found a shimmering blue altar of Sif Muna.
  4157 | D:6      | Noticed Grinder
  4167 | D:6      | Killed Grinder
  4536 | D:6      | Reached XP level 9. HP: 74/80 MP: 8/8
  4747 | D:7      | Found Jaonoez's Weapon Emporium.
  4886 | D:7      | Reached skill level 12 in Unarmed Combat
  5059 | D:7      | Found a runed translucent door.
  5060 | D:7      | Noticed Crazy Yiuf
  5199 | D:7      | Killed Crazy Yiuf
  5371 | D:8      | Found a staircase to the Lair.
  5372 | D:8      | Noticed a komodo dragon
  5399 | D:8      | Killed a komodo dragon
  5505 | D:8      | Found a broken altar of Ashenzari.
  5533 | D:8      | Found an ancient bone altar of Kikubaaqudgha.
  5604 | D:8      | Found a shimmering altar of Xom.
  5641 | D:8      | Found a white marble altar of Elyvilon.
  5701 | D:8      | Noticed Prince Ribbit
  5708 | D:8      | Killed Prince Ribbit
  5765 | D:8      | Noticed Psyche
  5785 | D:8      | Killed Psyche
  5786 | D:8      | Reached skill level 13 in Unarmed Combat
  5868 | D:8      | Found a glowing golden altar of the Shining One.
  6436 | D:9      | Reached XP level 10. HP: 91/91 MP: 9/9
  6460 | D:9      | Reached ****** piety under Trog
  6498 | D:9      | Noticed Harold
  6508 | D:9      | Killed Harold
  6508 | D:9      | Received a gift from Trog
  6742 | D:9      | Noticed Grum
  6766 | D:9      | Killed Grum
  6998 | D:9      | Reached skill level 14 in Unarmed Combat
  7429 | D:10     | Entered Level 10 of the Dungeon
  7527 | D:10     | Reached skill level 1 in Armour
  7753 | D:10     | Noticed Maggie
  7781 | D:10     | Killed Maggie
  7857 | D:10     | Found a staircase to the Orcish Mines.
  7970 | Orc:1    | Entered Level 1 of the Orcish Mines
  8571 | Orc:1    | Noticed an orc knight
  8571 | Orc:1    | Noticed an orc knight
  8571 | Orc:1    | Noticed a deep troll
  8770 | D:10     | Reached XP level 11. HP: 85/92 MP: 10/10
  8930 | D:11     | Found a hazy altar of Hepliaklqana.
  8945 | D:11     | Noticed a boulder beetle
  8968 | D:11     | Killed a boulder beetle
  9039 | D:11     | Reached skill level 15 in Unarmed Combat
  9949 | D:11     | Noticed a cyan ugly thing
  9963 | D:11     | Killed a cyan ugly thing
  9963 | D:11     | Received a gift from Trog
 10141 | D:12     | Reached skill level 5 in Armour
 10153 | D:12     | Noticed a seven-headed hydra
 10182 | D:12     | Killed a 13-headed hydra
 10242 | D:12     | Identified the +2 hunting sling of the Saving Bear {speed,
                  | +Blink rC+ Dex-5}
 10242 | D:12     | Noticed a tengu warrior
 10242 | D:12     | Noticed a two-headed ogre
 10243 | D:12     | Found a runed translucent gate.
 10244 | D:12     | Noticed a merfolk impaler
 10244 | D:12     | Found a runed translucent gate.
 10245 | D:12     | Found a runed translucent gate.
 10245 | D:12     | Noticed a centaur warrior
 10245 | D:12     | Noticed a naga warrior
 10245 | D:12     | Noticed miilacz's ghost (journeyman TrMo)
 10250 | D:12     | Killed a two-headed ogre
 10251 | D:12     | Reached skill level 16 in Unarmed Combat
 10280 | D:12     | Found a frozen archway.
 10296 | D:12     | Noticed a boulder beetle
 10320 | D:12     | Killed a boulder beetle
 10409 | D:12     | Found an iron altar of Okawaru.
 10528 | D:12     | Reached XP level 12. HP: 109/109 MP: 11/11
 10832 | D:13     | Noticed a tengu warrior
 10833 | D:13     | Noticed a tengu warrior
 10853 | D:13     | Slain by a tengu warrior

Illustrated notes

Levels and vault maps discovered:
D:1:      tarquinn_simple_flora_water_b, layout_rooms, basic_ecumenical_altar,
          minmay_lizard_king
D:2:      layout_basic, grunt_ministairs_13, uniq_sigmund
D:3:      layout_rooms, hellmonk_ghost_happy_afterlife
D:4:      layout_loops_ring, chequers_temple_overflow_statue_of_worship,
          overflow_temple_1_default, serial_shops, shop, nicolae_stop_n_shop_1,
          grunt_decor_mini_mirrors, chequers_big_river,
          minmay_misc_feat_four_crosses, amcnicky_mini_pool_small
D:5:      layout_gridville, nicolae_dithmenos_shadow_blocks,
          minmay_temple_entry_sparse_star, gammafunk_ghost_grave, serial_shops,
          shop, minmay_manual_mail
D:6:      layout_loops_ring, lemuel_round_altar,
          mainiacjoe_overflow_concentric_impassable, zin_purify, uniq_grinder
D:7:      layout_rooms, serial_shops, nicolae_shop_behind_doors,
          uniq_crazy_yiuf_cottage
D:8:      layout_basic, tso_oasis_becter, kiku_gazebo_garden_becter,
          mainiacjoe_overflow_surrounded_room, mainiacjoe_overflow_swirl,
          david_lair_shrubbed, small_statue_alley_b, uniq_psyche,
          uniq_prince_ribbit1
D:9:      layout_basic, uniq_grum, uniq_harold
D:10:     layout_roguey, david_orc_5, uniq_maggie
D:11:     layout_loops_cross, nzn_hepliaklqana_mist_gate
D:12:     layout_rooms, portal_ice_cave_entry_pillars_1,
          gammafunk_ghost_fury_of_okawaru, nrook_guardian_serpent_double
D:13:     layout_irregular_city, david_vaults_4
Orc:1:    layout_diamond_mine, basic_altar, serial_shops, nicolae_shop_trees,
          guppyfry_orc_lava_fort, uniq_nergalle, uniq_snorg

Skill      XL: |  1  2  3  4  5  6  7  8  9 10 11 |
---------------+----------------------------------+-----
Unarmed Combat | 4 6 8 9 11 13 14 16 | 16.3
Dodging        | 3 4 |  4.9
Fighting       | 3 4 |  4.6
Armour         | 3 5 |  5.7
Stealth        | |  1.0
Shields        | |  0.6

Action                   |  1- 3 |  4- 6 |  7- 9 | 10-12 || total
-------------------------+-------+-------+-------+-------++-------
Melee: Unarmed           |   117 |   115 |   299 |   328 ||   859
       Punch             |     3 |     2 |    10 |    33 ||    48
Invok: Berserk           |       |     1 |     3 |     8 ||    12
  Use: Scroll            |     3 |       |     4 |    11 ||    18
       Potion            |       |       |       |     2 ||     2
 Stab: Sleeping          |     1 |     3 |     1 |       ||     5
       Held in net/web   |       |       |       |     2 ||     2
       Invisible         |       |       |       |    11 ||    11
Armor: Robe              |    40 |    19 |    49 |     3 ||   111
       Troll leather arm |       |       |       |    80 ||    80
Dodge: Dodged            |    40 |    69 |   174 |   207 ||   490
Block: Other             |       |       |     1 |    71 ||    72
       Reflection        |       |       |       |     2 ||     2
